 Dungeon Crawl Stone Soup version 0.30-a0-652-gcc886f7154 (webtiles) character file.

Game seed: 9747871353217178939

4134 drugrobin the Grappler (level 9, -3/68 HPs)
             Began as a Demigod Delver on Jan 17, 2023.
             Slain by Harold
             ... wielding a +0 vampiric hand axe
              (11 damage)
             ... on level 9 of the Dungeon.
             The game lasted 00:24:48 (8616 turns).

drugrobin the Grappler (Demigod Delver)             Turns: 8616, Time: 00:24:49

Health: -3/68      AC:  9    Str: 21    XL:     9   Next: 79%
Magic:  11/11      EV: 12    Int: 12    God:
Gold:   537        SH:  0    Dex: 19    Spells: 0/8 levels left

rFire   . . .      SeeInvis .    c - +0 short sword (chaos)
rCold   + . .      Faith    .    (no shield)
rNeg    + . .      Spirit   .    L - +2 robe {rN+}
rPois   .          Reflect  .    (no helmet)
rElec   .          Harm     .    t - +0 cloak
rCorr   .          Rampage  .    d - +2 pair of gloves
Will    .....                    l - +0 pair of boots
Stlth   +++                      (no amulet)
HPRegen 0.31/turn                m - ring of protection from cold
MPRegen 0.12/turn                N - ring of wizardry

@: invisible
A: high MP 1, forlorn, divine attributes
a: no special abilities


You were on level 9 of the Dungeon.
You visited 1 branch of the dungeon, and saw 9 of its levels.

You collected 537 gold pieces.

Inventory:

Hand Weapons
 b - a +0 arbalest
 c - a +0 short sword of chaos (weapon)
 S - a +0 sling
Missiles
 y - 7 curare-tipped darts
 C - 2 throwing nets
 J - 11 boomerangs
 M - 31 poisoned darts
 P - 6 silver javelins (quivered)
Armour
 d - a +2 pair of gloves (worn)
 k - a +0 chain mail
 l - a +0 pair of boots (worn)
 r - an orb of guile
 t - a +0 cloak (worn)
 L - a +2 robe of positive energy (worn)
Jewellery
 m - a ring of protection from cold (left hand)
 E - a ring of fire
 N - a ring of wizardry (right hand)
 O - an amulet of reflection
Wands
 f - a wand of digging (2)
 g - a wand of light (1)
 A - a wand of mindburst (4)
 T - a wand of roots (7)
 U - a wand of paralysis (3)
Scrolls
 a - a scroll of silence
 j - a scroll of poison
 n - a scroll of noise {unknown}
 p - a scroll of teleportation
 q - a scroll of summoning {unknown}
 u - 3 scrolls of blinking
 z - 2 scrolls of amnesia {unknown}
 B - 5 scrolls of magic mapping
 D - 2 scrolls of enchant armour {unknown}
 I - 4 scrolls of fog
 R - a scroll of fear
Potions
 e - 3 potions of haste
 h - a potion of heal wounds
 i - 2 potions of ambrosia {unknown}
 o - a potion of invisibility
 s - a potion of cancellation {unknown}
 v - 2 potions of attraction
 w - 4 potions of degeneration {unknown}
 x - 2 potions of lignification {unknown}
 F - a potion of curing
 G - 2 potions of might {unknown}
 H - 2 potions of flight {unknown}
 K - a potion of magic {unknown}
 Q - 4 potions of resistance {unknown}


   Skills:
 - Level 2.6 Fighting
 - Level 1.7 Dodging
 - Level 4.5 Stealth
 * Level 13.3 Unarmed Combat
 + Level 0.8 Evocations


You couldn't memorise any spells.
You knew the following spells:

 Your Spells              Type           Power      Damage    Failure   Level
a - Ozocubu's Armour      Ice            0%         N/A       36%         3
b - Wereblood             Tmut           0%         N/A       21%         2
c - Inner Flame           Hex/Fire       0%         N/A       36%         3

Your spell library contained the following spells:

 Spells                   Type           Power      Damage    Failure   Level
 Necrotise                Necr           0%         1d4       13%         1
 Sublimation of Blood     Necr           0%         N/A       21%         2
 Vampiric Draining        Necr           0%         2d6       36%         3
 Cause Fear               Hex            0%         N/A       75%         4
 Agony                    Necr           0%         N/A       97%         5
 Metabolic Englaciation   Hex/Ice        0%         N/A       97%         5
 Simulacrum               Ice/Necr       0%         N/A       100%        6
 Ozocubu's Refrigeration  Ice            0%         4d7       100%        7
 Summon Hydra             Summ           0%         N/A       100%        7
 Discord                  Hex            0%         N/A       100%        8


Dungeon Overview and Level Annotations

Branches:
Dungeon (9/15)             Temple (0/1) D:6             Orc (0/2) D:9
   Lair: D:8-11

Annotations:
D:8 3 runed translucent doors, exclusion: downstairs, SirDiesAlot's ghost, novice DsFE
D:9 Harold


Innate Abilities, Weirdness & Mutations

You have an increased reservoir of magic. (+10% MP)
You shall have no god before yourself.
Your divine heritage dramatically boosts your attributes as you level up.


Message History

Unknown command.
It was a potion of heal wounds.
You feel much better.
A kobold brigand comes into view.
It is wielding a +1 dagger of flaming and quivering poisoned darts.
Unknown command.
Unknown command.
Unknown command.
You strike the helpless Harold from behind!
You hit Harold but do no damage.
Harold is lightly wounded.
The kobold brigand shouts!
You hear a shout! x2
Harold hits you with a +0 vampiric hand axe!
Harold draws strength from your wounds!
You hear a shout!
The kobold brigand shouts!
You hit Harold but do no damage.
Harold is lightly wounded.
Harold looks more healthy.
Harold barely misses you.
You catch the helpless Harold completely off-guard!
You hit Harold. You burn Harold.
Harold is lightly wounded.
Harold hits you but does no damage.
You hit Harold but do no damage.
Harold is poisoned.
You punch Harold.
Harold is moderately wounded.
Harold is no longer blind.
You hit Harold.
Harold seems to speed up.
Harold is moderately wounded.
Harold thinks, and says "Perhaps I'll take up painting after I'm done here..."
Harold hits you with a +0 vampiric hand axe!
* * * LOW HITPOINT WARNING * * *
Harold draws strength from your wounds!
Unknown command.
Unknown command.
Unknown command.
Unknown command.
Aiming: Paralyse
Press: ? - help, Shift-Dir - straight line, f/p - kobold
Aim: a kobold, wielding a +0 dagger and quivering stones (unable to see you, chance to affect: 67%) Harold resists with almost no effort.
Harold barely misses you.
Harold hits you with a +0 vampiric hand axe!
You die...

############################
#...............@@.K........
#..............#####...####
#..............# #...#
#..............#####...#
#......................#
#......................$
.....<...................
..........................
#.............#####...#####


You could see Harold (fast, unable to see you, very poisoned) and a kobold
(unable to see you).

Vanquished Creatures
  A hornet (D:7)
  Prince Ribbit (D:8)
  2 wyverns
  2 steam dragons
  2 sky beasts (D:8)
  4 black bears
  Pargi (D:3)
  An ogre (D:4)
  A centaur (D:5)
  3 kobold brigands
  Blork the orc (D:6)
  A bullfrog (D:6)
  2 wyvern zombies (D:6)
  9 necrophages
  3 scorpions
  6 killer bees
  4 howler monkeys
  7 hounds
  2 orc priests
  Jessica (D:2)
  3 iguanas
  3 orc wizards
  7 gnolls
  7 adders
  2 shadow imps
  3 white imps (D:6)
  5 dart slugs
  37 orcs
  5 bats
  8 endoplasms
  8 giant cockroaches
  9 goblins
  6 hobgoblins
  28 kobolds
  5 quokkas
  4 ball pythons
  7 frilled lizards
  4 rats
205 creatures vanquished.

Vanquished Creatures (others)
  A bush (D:6)
  14 plants
15 creatures vanquished.

Grand Total: 220 creatures vanquished

Notes
Turn   | Place    | Note
-------+----------+-------------------------------------------
     0 | D:5      | drugrobin the Demigod Delver began the quest for the Orb.
     0 | D:5      | Reached XP level 1. HP: 18/18 MP: 3/3
    17 | D:5      | Noticed a scorpion
    82 | D:4      | Reached skill level 2 in Unarmed Combat
   272 | D:3      | Noticed a black bear
   300 | D:2      | Reached XP level 2. HP: 21/25 MP: 4/4
   518 | D:1      | Reached skill level 3 in Unarmed Combat
   807 | D:1      | Reached XP level 3. HP: 30/30 MP: 5/5
  1487 | D:2      | Reached skill level 4 in Unarmed Combat
  1487 | D:2      | Reached XP level 4. HP: 30/37 MP: 6/6
  1561 | D:2      | Noticed Jessica
  1577 | D:2      | Killed Jessica
  1853 | D:3      | Killed a black bear
  1854 | D:3      | Reached skill level 5 in Unarmed Combat
  1854 | D:3      | Reached XP level 5. HP: 21/42 MP: 7/7
  1971 | D:3      | Found a large runed translucent door.
  1971 | D:3      | Found a large runed translucent door.
  2783 | D:4      | Noticed a black bear
  2793 | D:3      | Killed a black bear
  2794 | D:3      | Reached skill level 6 in Unarmed Combat
  2794 | D:3      | Reached XP level 6. HP: 47/50 MP: 8/8
  2843 | D:4      | Noticed Pargi
  2849 | D:3      | Killed Pargi
  2954 | D:4      | Reached skill level 7 in Unarmed Combat
  3202 | D:4      | Reached XP level 7. HP: 56/56 MP: 9/9
  3267 | D:4      | Noticed a steam dragon
  3282 | D:4      | Killed a steam dragon
  3283 | D:4      | Reached skill level 8 in Unarmed Combat
  3988 | D:5      | Reached skill level 9 in Unarmed Combat
  4216 | D:5      | Reached XP level 8. HP: 62/62 MP: 10/10
  4866 | D:6      | Noticed Blork the orc
  4877 | D:6      | Killed Blork the orc
  4882 | D:6      | Reached skill level 10 in Unarmed Combat
  5169 | D:6      | Reached skill level 11 in Unarmed Combat
  5275 | D:6      | Learned a level 3 spell: Ozocubu's Armour
  5765 | D:6      | Found a staircase to the Ecumenical Temple.
  5833 | D:7      | Reached XP level 9. HP: 68/68 MP: 11/11
  5857 | D:7      | Learned a level 2 spell: Wereblood
  5872 | D:7      | Paralysed by a hornet for 2 turns
  5934 | D:7      | Reached skill level 12 in Unarmed Combat
  6209 | D:7      | Learned a level 3 spell: Inner Flame
  6721 | D:8      | Noticed Prince Ribbit
  6736 | D:8      | Killed Prince Ribbit
  7283 | D:8      | Noticed SirDiesAlot's ghost (novice DsFE)
  7298 | D:8      | Reached skill level 13 in Unarmed Combat
  7343 | D:8      | Found a runed translucent gate.
  7343 | D:8      | Found a runed translucent gate.
  7344 | D:8      | Found a runed translucent gate.
  7998 | D:9      | Noticed a seven-headed hydra
  8069 | D:9      | Noticed a gargoyle
  8111 | D:9      | Noticed Harold
  8126 | D:9      | Found a staircase to the Orcish Mines.
  8342 | D:9      | HP: 1/68 [gargoyle/+0 dire flail (11)]
  8616 | D:9      | Slain by Harold

Illustrated notes

Levels and vault maps discovered:
D:1:      evilmike_arrival_crescent, layout_loops_ring, serial_glass,
          glass_columns_c, glass_columns_b
D:2:      layout_basic, basic_altar, serial_shops, nicolae_shop_behind_doors,
          uniq_jessica
D:3:      due_chaos_kobolds, layout_basic
D:4:      layout_basic, uniq_pargi
D:5:      layout_basic, bloody_makhleb
D:6:      layout_rooms, fedhas_altar_decomposition,
          nicolae_overflow_hidden_temple, minmay_temple_entry_butterflies,
          uniq_blork_the_orc
D:7:      layout_loops_cross
D:8:      corexii_shack_village, layout_loops_ring, old_standard_altar,
          gammafunk_ghost_icy, uniq_prince_ribbit1
D:9:      nzn_winding_woodlands_stair_cross
          [nzn_winding_woodlands_5x15_sidewinder,
          nzn_winding_woodlands_center_diamonds, nzn_winding_woodlands_5x15_eye,
          nzn_winding_woodlands_5x5_open_star,
          nzn_winding_woodlands_5x5_closed_star,
          nzn_winding_woodlands_5x15_pool, nzn_winding_woodlands_center_lodge,
          nzn_winding_woodlands_5x15_zeroes], layout_small_grid, orc_0_dummy,
          lightli_wizard_tower, uniq_harold

Skill      XL: |  1  2  3  4  5  6  7  8  9 |
---------------+----------------------------+-----
Unarmed Combat | 2 3 4 5 6 7 9 11 13 | 13.3
Fighting       | |  2.6
Dodging        | |  1.7
Stealth        | |  4.5
Evocations     | |  0.8

Action                   |  1- 3 |  4- 6 |  7- 9 || total
-------------------------+-------+-------+-------++-------
Melee: Unarmed           |   112 |   142 |   383 ||   637
       Punch             |     2 |     2 |    23 ||    27
       Short sword       |       |     1 |     9 ||    10
 Fire: Sling             |       |       |    20 ||    20
       Arbalest          |       |       |    12 ||    12
Throw: Dart              |       |     2 |     8 ||    10
       Boomerang         |       |       |    26 ||    26
       Javelin           |       |       |     3 ||     3
 Cast: Ozocubu's Armour  |       |       |     4 ||     4
Evoke: Wand              |     1 |     4 |    10 ||    15
  Use: Scroll            |     2 |     1 |     6 ||     9
       Potion            |       |     1 |     4 ||     5
 Stab: Sleeping          |     3 |       |     5 ||     8
       Distracted        |     1 |       |       ||     1
       Invisible         |       |     2 |     2 ||     4
Armor: Leather armour    |    12 |       |       ||    12
       Chain mail        |    29 |    98 |    69 ||   196
       Robe              |       |       |    90 ||    90
Dodge: Dodged            |    48 |    53 |   208 ||   309

Table legend: (Time is in decaauts)
 A = Elapsed time spent in this place.
 B = Non-inter-level travel time spent in this place.
 C = Inter-level travel time spent in this place.
 D = Time resting spent in this place.
 E = Time spent auto-exploring this place.
 F = Levels seen in this place.
 G = Mean time per level.
                   A        B        C        D        E       F      G
               +--------+--------+--------+--------+--------+-----+--------+
         Total |   8559 |   8101 |    458 |   1244 |   4458 |   9 |  951.0 |
       Dungeon |   8559 |   8101 |    458 |   1244 |   4458 |   9 |  951.0 |
               +--------+--------+--------+--------+--------+-----+--------+

Top non-repeatable levels by time:
     D:8: 1436 daAuts
     D:3: 1234 daAuts
     D:5: 1184 daAuts
     D:7: 1048 daAuts
     D:6: 913 daAuts
     D:4: 874 daAuts
     D:1: 873 daAuts
     D:2: 682 daAuts
     D:9: 311 daAuts
